 Dungeon Crawl Stone Soup version 0.31-a0-1074-g0b22e4e0f1 (webtiles) character file.

Game seed: 10992970022543235829

170 wildpjah the Changeling (level 5, -3/37 HPs)
             Began as a Merfolk Shapeshifter on Dec 5, 2023.
             Was a Believer of Lugonu.
             Splashed by a jelly's acid (8 damage)
             ... on level 3 of the Dungeon.
             The game lasted 00:03:53 (2115 turns).

wildpjah the Changeling (Merfolk Shapeshifter)      Turns: 2115, Time: 00:03:54

Health: -3/37      AC: -1    Str: 14    XL:     5   Next: 50%
Magic:  14/14      EV: 13    Int:  9    God:    Lugonu [**....]
Gold:   139        SH:  0    Dex: 16    Spells: 4/4 levels left

rFire   . . .        a - +2 dagger (venom)
rCold   . . .        (no shield)
rNeg    . . .        p - +0 leather armour
rPois   .            (helmet currently unavailable)
rElec   .            (cloak currently unavailable)
rCorr   .            (gloves currently unavailable)
SInv    .            (boots currently unavailable)
Will    .....        (no amulet)
Stlth   ++           e - ring of magical power
HPRegen 0.26/turn    (no ring)
MPRegen 0.14/turn

%: no passive effects
@: beast-form, corroded
A: beast (slay +3), (nimble swimmer 2), mertail
a: Begin Untransformation, Renounce Religion, Depart the Abyss, Banish


You were on level 3 of the Dungeon.
You worshipped Lugonu.
Lugonu was pleased with you.
You were a hulking beast.
You visited 1 branch of the dungeon, and saw 3 of its levels.

You collected 139 gold pieces.

Inventory:

Hand Weapons
 a - a +2 dagger of venom (weapon)
 m - a +0 short sword
 n - a +0 falchion
Armour
 j - a +0 helmet
 o - a +0 cloak
 p - a +0 leather armour (worn)
Jewellery
 e - a ring of magical power (left hand)
Talismans
 c - a beast talisman
 d - a flux talisman
Scrolls
 f - a scroll of revelation {unknown}
 g - a scroll of identify {unknown}
 k - a scroll of summoning {unknown}
 q - a scroll of noise {unknown}
Potions
 b - a potion of lignification
 h - a potion of cancellation {unknown}
 i - 2 potions of haste {unknown}
 l - a potion of enlightenment {unknown}


   Skills:
 + Level 1.5 Fighting
 + Level 1.8(1.9) Short Blades
 + Level 0.5(1.2) Long Blades
 * Level 4.4 Dodging
 + Level 1.5 Stealth
 - Level 3.2 Unarmed Combat
 + Level 5.7 Shapeshifting


You had 4 spell levels left.
You didn't know any spells.
Your spell library was empty.

Dungeon Overview and Level Annotations

Branches:
Dungeon (3/15)

Altars:
Trog
Wu Jian
Lugonu


Innate Abilities, Weirdness & Mutations

You are a hulking beast.
Your limbs bulge with bestial killing power. (Slay +3)
((You are very nimble when in or above water. (Stealth+, EV+, Speed+++)))
Your lower body shifts to a powerful aquatic tail in water.


Message History

You kill the orc priest!
Lugonu accepts your kill.
You barely miss the orc. You closely miss something. You barely miss something.
An orc priest comes into view. It is wielding a +0 whip.
You barely miss the orc.
The orc priest shouts!
You puncture the orc!
You kill the orc!
Lugonu accepts your kill. Something hits you but does no damage.
You hit the orc.
The orc is moderately wounded.
The orc completely misses you.
You hear some strange, mumbled words.
A magic dart appears from out of thin air!
The magic dart hits you.
The orc priest calls down the wrath of Beogh upon you.
Beogh smites you!
* * * LOW HITPOINT WARNING * * *
You hit the orc.
The orc is poisoned.
The orc is severely wounded.
The orc barely misses you. Something hits you.
* * * LOW HITPOINT WARNING * * *
You hit the orc.
You kill the orc!
Lugonu accepts your kill.
A rat comes into view.
Something hits you.
* * * LOW HITPOINT WARNING * * *
You hit something. The jelly closely misses you.
Something hits you but does no damage.
You hit something. The jelly hits you but does no damage. Something hits you.
* * * LOW HITPOINT WARNING * * *
You barely miss something. Something hits you but does no damage.
The jelly hits you.
* * * LOW HITPOINT WARNING * * *
The acid corrodes you!
You are splashed with acid!
You die...

.. ... #.# ##
##.. ..# #...
.... #####..###
....
#.......{#o.#..#
#...hJoo...# #
#..###g.#### #
## #.......### #
.# #.......... #
.# ##.######## #
.##### ##.##
###### †....##
#...# #.....
[...... #...#
#.#### ...#.#.
#...#
#########....#


You could see a jelly, an orc priest, 2 orcs and a hobgoblin.

Vanquished Creatures
  2 orc priests
  An orc wizard (D:3)
  A gnoll (D:1)
  2 adders
  2 dart slugs
  6 orcs
  3 ball pythons (D:1)
  4 endoplasms
  A giant cockroach (D:2)
  6 goblins
  5 hobgoblins
  3 kobolds
  A quokka (D:3)
  4 bats
  5 frilled lizards
  2 rats (D:1)
48 creatures vanquished.

Notes
Turn   | Place    | Note
-------+----------+-------------------------------------------
     0 | D:1      | wildpjah the Merfolk Shapeshifter began the quest for the
                  | Orb.
     0 | D:1      | Reached XP level 1. HP: 15/15 MP: 1/1
   201 | D:1      | Found a faded altar of an unknown god.
   210 | D:1      | Reached XP level 2. HP: 11/21 MP: 2/2
   213 | D:1      | Prayed at the altar of an unknown god.
   213 | D:1      | Became a worshipper of Lugonu the Unformed
   213 | D:1      | Reached * piety under Lugonu
   522 | D:1      | Reached skill level 5 in Shapeshifting
   622 | D:1      | Reached XP level 3. HP: 21/26 MP: 3/3
  1012 | D:2      | Found a bloodstained altar of Trog.
  1102 | D:2      | HP: 1/26 [poisoned by an adder]
  1301 | D:2      | Reached ** piety under Lugonu
  1595 | D:2      | Reached XP level 4. HP: 23/32 MP: 4/4
  1796 | D:2      | Reached skill level 1 in Stealth
  1849 | D:3      | Reached skill level 1 in Short Blades
  1862 | D:3      | Reached XP level 5. HP: 24/37 MP: 5/5
  1969 | D:3      | Found an ornate altar of the Wu Jian Council.
  2115 | D:3      | Splashed by a jelly's acid

Illustrated notes

Levels and vault maps discovered:
D:1:      minmay_arrival_hallway, layout_basic,
          hellmonk_ecumenical_altar_arch_garden
D:2:      layout_basic, basic_altar, hex_medium
D:3:      layout_loops_cross, nzn_wu_jian_contemplation

Skill      XL: |  1  2  3  4 |
---------------+-------------+-----
Shapeshifting  | 5 |  5.7
Dodging        | 3 4 |  4.4
Stealth        | 1 |  1.5
Short Blades   | 1 |  1.8
Fighting       | |  1.5
Long Blades    | |  0.5
Unarmed Combat | |  3.2

Action                     |  1- 3 |  4- 6 || total
---------------------------+-------+-------++-------
  Melee: Unarmed           |    26 |       ||    26
         Dagger            |    41 |    29 ||    70
         Short sword       |     9 |     9 ||    18
         Punch             |     2 |       ||     2
         Falchion          |       |    14 ||    14
   Stab: Sleeping          |     2 |     1 ||     3
 Armour: Animal skin       |    40 |     9 ||    49
         Leather armour    |       |    18 ||    18
  Dodge: Dodged            |    54 |    26 ||    80

Table legend: (Time is in decaauts)
 A = Elapsed time spent in this place.
 B = Non-inter-level travel time spent in this place.
 C = Inter-level travel time spent in this place.
 D = Time resting spent in this place.
 E = Time spent auto-exploring this place.
 F = Levels seen in this place.
 G = Mean time per level.
                   A        B        C        D        E       F      G
               +--------+--------+--------+--------+--------+-----+--------+
         Total |   2112 |   1830 |    282 |    104 |   1415 |   3 |  704.0 |
       Dungeon |   2112 |   1830 |    282 |    104 |   1415 |   3 |  704.0 |
               +--------+--------+--------+--------+--------+-----+--------+

Top non-repeatable levels by time:
     D:1: 981 daAuts
     D:2: 904 daAuts
     D:3: 226 daAuts
